 Dungeon Crawl Stone Soup version 0.28.0 (webtiles) character file.

Game seed: 4893507853418565084

79770 freelancePsychic the Protected (level 15, 0/120 HPs)
             Began as a Barachi Necromancer on Feb 17, 2022.
             Was an Initiate of Jiyva.
             Slain by a small abomination (10 damage)
             ... on level 3 of the Abyss.
             The game lasted 01:10:08 (29184 turns).

freelancePsychic the Protected (BaNe)              Turns: 29184, Time: 01:10:08

Health: 0/120      AC: 12    Str:  9    XL:     15   Next: 64%
Magic:  11/30      EV: 12    Int: 29    God:    Jiyva [......]
Gold:   1355       SH:  0    Dex: 17    Spells: 10/36 levels left

rFire   . . .      SeeInvis +   a - staff of air
rCold   . . .      Faith    .   (no shield)
rNeg    . . .      Spirit   .   U - +0 troll leather armour
rPois   .          Reflect  .   (no helmet)
rElec   +          Harm     .   (no cloak)
rCorr   .          Rampage  .   M - +1 pair of gloves
Will    +....                   e - +0 pair of boots
Stlth   ..........              n - amulet of magic regeneration
HPRegen 0.00/turn               C - ring "Datiutiudi" {Int+6 SInv Stlth+}
MPRegen 0.62/turn               D - ring of the Sky {Wiz rElec Dex+4 Slay+4 Stlth-}

@: unable to drink, sick, unable to read, slow
A: amphibious, slowness 1, inability to drink while threatened, inability to
read while threatened, no stealth, inability to use devices, missing an eye,
strong legs 2, +LOS, iridescent scales 1, camouflage 1, sense surroundings 1
a: Hop, Renounce Religion


You were on level 3 of the Abyss.
You worshipped Jiyva.
Jiyva was noncommittal.
You visited 2 branches of the dungeon, and saw 21 of its levels.
You visited the Abyss 1 time.

You collected 1597 gold pieces.
You spent 242 gold pieces at shops.

Inventory:

Hand Weapons
 b - a +0 lajatang of chaos
 B - a +2 demon trident of flaming
Missiles
 P - a throwing net
Armour
 e - a +0 pair of boots (worn)
 v - the +8 chain mail of the Serpent {rC+ Regen+ Str+4}
   (You found it on level 6 of the Dungeon)

   Str:       It affects your strength (+4).
   rC:        It protects you from cold.
   Regen:     It increases your rate of health regeneration.
 M - a +1 pair of gloves (worn)
 U - a +0 troll leather armour (worn)
Magical Staves
 a - a staff of air (weapon)
Jewellery
 n - an amulet of magic regeneration (around neck)
 p - a +6 ring of intelligence
 s - a +4 ring of protection
 C - the ring "Datiutiudi" (left hand) {Int+6 SInv Stlth+}
   (You found it on level 7 of the Dungeon)

   [ring of intelligence]

   Int:       It affects your intelligence (+6).
   SInv:      It lets you see invisible.
   Stlth:     It makes you more stealthy.
 D - the ring of the Sky (right hand) {Wiz rElec Dex+4 Slay+4 Stlth-}
   (You acquired it on level 13 of the Dungeon)

   [ring of wizardry]

   It improves your spell success rate.
   Dex:       It affects your dexterity (+4).
   Slay:      It affects your accuracy & damage with ranged weapons and melee
   (+4).
   rElec:     It insulates you from electricity.
   Stlth:     It makes you less stealthy.
 F - a +6 ring of dexterity
 I - an amulet of faith
 J - a ring of fire
 R - a ring of magical power
 T - the ring of Kyguagas {rPois rF- rC+ Str+3 Dex+8}
   (You found it on level 14 of the Dungeon)

   [ring of protection from cold]

   Str:       It affects your strength (+3).
   Dex:       It affects your dexterity (+8).
   rF:        It makes you vulnerable to fire.
   rC:        It protects you from cold.
   rPois:     It protects you from poison.
Wands
 A - a wand of iceblast (10)
 N - a wand of flame (11) {@v2}
Scrolls
 d - a scroll of teleportation {@r4}
 f - 2 scrolls of enchant armour
 h - 4 scrolls of magic mapping
 i - 2 scrolls of amnesia
 j - 3 scrolls of immolation
 q - 3 scrolls of enchant weapon
 u - a scroll of fear
 w - 2 scrolls of blinking
 y - 4 scrolls of vulnerability
 z - 6 scrolls of noise
 K - 3 scrolls of fog
 S - 2 scrolls of identify {@r1}
Potions
 c - a potion of berserk rage
 g - 4 potions of heal wounds {@q2}
 k - a potion of resistance {unknown}
 l - 8 potions of curing {@q1}
 m - a potion of mutation
 o - 4 potions of invisibility
 r - 2 potions of cancellation
 t - 4 potions of attraction
 x - 2 potions of lignification
 E - 4 potions of might {unknown}
 G - 2 potions of brilliance {unknown}
 H - 2 potions of degeneration {unknown}
 L - 7 potions of ambrosia
 O - 5 potions of haste {@q3}
 Q - 3 potions of flight {unknown}


   Skills:
 + Level 12.0 Fighting
 - Level 1.1(2.9) Polearms
 - Level 4.6(4.7) Staves
 - Level 2.2 Slings
 - Level 14.7 Armour
 - Level 2.1 Dodging
 + Level 0.0 Unarmed Combat
 - Level 11.4 Spellcasting
 - Level 13.3 Conjurations
 - Level 5.8 Necromancy
 + Level 6.8 Transmutations
 + Level 13.5 Air Magic


You had 10 spell levels left.
You knew the following spells:

 Your Spells              Type           Power      Damage    Failure   Level
a - Storm Form            Tmut/Air       42%        N/A       21%         7
b - Vampiric Draining     Necr           50%        2d9       1%          3
c - Freezing Cloud        Conj/Ice/Air   40%        6-21      1%          5
d - Airstrike             Air            48%        N/A       1%          4
e - Conjure Ball Lightni  Conj/Air       48%        3x3d17    1%          6
f - Pain                  Necr           100%       1d9       1%          1

Your spell library contained the following spells:

 Spells                   Type           Power      Damage    Failure   Level
 Shock                    Conj/Air       100%       1d9       0%          1
 Animate Skeleton         Necr           100%       N/A       1%          1
 Beastly Appendage        Tmut           100%       N/A       1%          1
 Wereblood                Tmut           54%        N/A       1%          2
 Dazzling Flash           Conj/Hex       100%       N/A       1%          3
 Ignite Poison            Fire/Tmut/Pois 29%        N/A       1%          3
 Mephitic Cloud           Conj/Pois/Air  80%        N/A       1%          3
 Spider Form              Tmut/Pois      36%        N/A       1%          3
 Swiftness                Air            97%        N/A       1%          3
 Animate Dead             Necr           25%        N/A       1%          4
 Iskenderun's Mystic Bla  Conj/Tloc      53%        2d11      1%          4
 Blink                    Tloc           32%        N/A       2%          2
 Gell's Gravitas          Tloc           16%        N/A       4%          3
 Lesser Beckoning         Tloc           16%        N/A       4%          3
 Teleport Other           Tloc           16%        N/A       4%          3
 Agony                    Necr           50%        N/A       4%          5
 Excruciating Wounds      Necr           25%        N/A       4%          5
 Starburst                Conj/Fire      26%        6d8       16%         6
 Manifold Assault         Tloc           16%        N/A       38%         5
 Dispersal                Tloc           8%         N/A       91%         6
 Disjunction              Tloc           8%         N/A       100%        8
 Death's Door             Necr           25%        N/A       100%        9


Dungeon Overview and Level Annotations

Branches:
Dungeon (15/15)            Temple (0/1) D:5            Lair (6/6) D:9
  Swamp (0/4) Lair:3       Spider (0/4) Lair:2        Slime (0/5) Lair:5
    Orc (0/2) D:11         Vaults (0/5) D:14
 Depths: D:15

Altars:
Dithmenos
Fedhas
Gozag
Kikubaaqudgha
Makhleb
Nemelex Xobeh
Ru
Zin
Jiyva

Shops:
D:6 [   D:9 !

Annotations:
D:3 3 runed translucent doors, Strat's ghost, amateur PaHu
D:4 Duvessa; Menkaure
D:6 3 runed translucent doors, pkoi's ghost, novice DrIE
D:7 exclusion: boulder beetle
D:8 exclusion: two-headed ogre
D:9 Erica
D:12 3 runed translucent doors, Paoney's ghost, journeyman FoWz
D:14 Roxanne
D:15 Louise
Lair:1 exclusion: oklob plant
Lair:2 exclusion: downstairs
Lair:4 exclusion: downstairs


Innate Abilities, Weirdness & Mutations

You are amphibious.
You cover ground slowly.
You sometimes lose the ability to drink potions when taking damage.
You sometimes lose the ability to read scrolls when taking damage.
You cannot be stealthy.
You cannot study or use magical devices.
You are missing an eye, making it more difficult to aim.
You can hop long distances.
You have an extended range of vision and can be seen from far away.
You are partially covered in iridescent scales. (AC +2)
Your skin changes colour to match your surroundings (Stealth+).
You passively map a small area around you.


Message History

The rakshasa shimmers and vanishes!
You don't have enough magic to cast this spell.
You don't have enough magic to cast this spell.
You don't have enough magic to cast this spell.
The rakshasa blinks!
A hell hound comes into view.
A hell hound comes into view.
The hell hound barks! x2
A hell hound comes into view.
The hell hound breathes flames at you.
The blast of flame hits the hell hound.
The hell hound completely resists.
The blast of flame hits you. The rakshasa gestures at you.
The lance of force hits you!
You feel threatened and lose the ability to read scrolls!
You feel threatened and lose the ability to drink potions!
You are knocked back by the lance of force.
You slam into the rock wall!
A hell hound comes into view.
The hell hound barks! x2
The hell hound closely misses you. The hell hound breathes flames at you.
The blast of flame hits you!
A small abomination comes into view.
You cannot read scrolls in your current state!
A large abomination comes into view.
The hell hound breathes flames at you.
The blast of flame hits the hell hound.
The hell hound completely resists.
The blast of flame misses you.
The small abomination closely misses you.
The hell hound bites you. The large abomination hits you!!
* * * LOW HITPOINT WARNING * * *
The small abomination hits you.
* * * LOW HITPOINT WARNING * * *
You cannot drink potions in your current state!
The small abomination hits you but does no damage.
The small abomination hits you!
* * * LOW HITPOINT WARNING * * *
The small abomination hits you!
You die...

..≈ #... ... .≈
..#.. ..#. ## ...
..# # # ##..# . .
.#. ##.#.# ##..
..####.@..### #.##.#
#..#hxh...#
#...#.###.#Xh###...#
..#...........# #...
# .##.##.#.#R#.# ..
. .#.##.#.....h# .
...## ###R##.# .#
...###... .#..
..##.....R.#.##....


You could see 2 rakshasas, a large abomination, 3 hell hounds and a small
abomination.

Vanquished Creatures
  Nessos (Lair:5)
  A dire elephant (Lair:6)
  Josephine (Lair:5)
  5 vault guards (D:14)
  5 hydras
  A centaur warrior (D:13)
  A boulder beetle (D:13)
  Erolcha (D:13)
  A merfolk avatar (Lair:6)
  An ogre mage (D:14)
  A two-headed ogre (D:12)
  12 death yaks
  Urug (D:13)
  Sonja (Lair:6)
  A shadow wraith (Abyss:3)
  A sea snake (Lair:6)
  3 skeletal warriors
  A swamp dragon (shapeshifter) (D:14)
  Pikel (D:5)
  A lindwurm (Lair:4)
  3 wizards (D:14)
  3 harpies (Lair:6)
  2 deep elf pyromancers (D:14)
  3 ugly things (D:14)
  4 manticores
  2 guardian serpents (D:13)
  11 elephants
  7 black mambas
  A torpor snail (Lair:6)
  15 cane toads
  2 gargoyles
  6 komodo dragons
  A kobold demonologist (D:12)
  4 rime drakes
  2 efreet
  An ancient zyme (Abyss:3)
  A freezing wraith (Abyss:3)
  A queen bee (Lair:3)
  4 polar bears
  11 trolls
  16 blink frogs
  Prince Ribbit (D:6)
  3 hornets
  A raiju (Abyss:3)
  11 dream sheep (Lair:6)
  A shadow (D:11)
  2 snapping turtles (Lair:6)
  6 wyverns
  A spriggan (Lair:3)
  8 wraiths
  6 basilisks
  A steam dragon (shapeshifter) (D:10)
  73 yaks
  3 steam dragons
  A chaos spawn (Abyss:3)
  A warg (Lair:2)
  9 water moccasins
  3 acid dragons
  2 sky beasts
  A swamp drake (D:9)
  9 orc warriors
  An ice beast (D:4)
  3 black bears
  A necrophage (D:5)
  8 ogres
  38 wolves
  A centaur (D:9)
  A phantom (D:7)
  A kobold brigand (D:10)
  A scorpion (D:4)
  A small abomination (Abyss:3)
  13 bullfrogs
  Dowan (D:4)
  31 killer bees
  7 wights
  6 howler monkeys
  2 centaur zombies (D:8)
  A gnoll shaman (D:5)
  8 orc priests
  10 jellies
  5 hounds
  2 bullfrog skeletons
  2 centaur skeletons
  2 iguanas (D:5)
  12 orc wizards
  6 hell rats
  A killer bee zombie (D:6)
  A howler monkey zombie (D:5)
  9 gnolls
  11 adders
  4 shadow imps
  2 ufetubi
  An adder zombie (D:5)
  3 worms
  A dart slug (D:1)
  39 orcs
  5 ball pythons
  6 bats
  20 endoplasms
  5 giant cockroaches
  6 goblins
  6 hobgoblins
  4 jackals (D:4)
  7 quokkas
  2 frilled lizards (D:3)
  9 kobolds
  3 rats
593 creatures vanquished.

Vanquished Creatures (collateral kills)
  2 wolves (Lair:3)
  2 ball lightnings
4 creatures vanquished.

Vanquished Creatures (others)
  2 death yaks
  A deep elf knight (D:14)
  A glowing orange brain (Abyss:3)
  A wizard (D:14)
  A gargoyle (D:14)
  A meliai (Lair:2)
  A yak (Lair:2)
  A wolf (Lair:2)
  A killer bee (Lair:3)
  A hell rat (Lair:2)
  An orc (D:10)
  A kobold (D:10)
  139 ball lightnings
  64 fungi
  115 plants
331 creatures vanquished.

Grand Total: 928 creatures vanquished

Notes
Turn   | Place    | Note
-------+----------+-------------------------------------------
     0 | D:1      | freelancePsychic the Barachi Necromancer began the quest
                  | for the Orb.
     0 | D:1      | Reached XP level 1. HP: 13/13 MP: 3/3
    97 | D:1      | Reached XP level 2. HP: 2/19 MP: 0/5
  1126 | D:2      | Reached XP level 3. HP: 10/24 MP: 2/7
  2309 | D:3      | Reached XP level 4. HP: 28/30 MP: 5/8
  2314 | D:3      | Noticed Strat's ghost (amateur PaHu)
  2318 | D:3      | Noticed a steam dragon
  2344 | D:3      | Found a runed translucent gate.
  2344 | D:3      | Found a runed translucent gate.
  2344 | D:3      | Found a runed translucent gate.
  2412 | D:3      | Found a sparkling altar of Nemelex Xobeh.
  2413 | D:3      | Found an opulent altar of Gozag.
  2854 | D:3      | Learned a level 3 spell: Vampiric Draining
  3260 | D:3      | Found a sacrificial altar of Ru.
  3426 | D:3      | Became a worshipper of Ru the Awakened
  3589 | D:4      | Found a burning altar of Makhleb.
  3598 | D:4      | Noticed Duvessa
  3703 | D:4      | Reached skill level 5 in Necromancy
  3789 | D:4      | Noticed a phantom
  3809 | D:4      | Reached XP level 5. HP: 35/35 MP: 6/10
  3856 | D:4      | Noticed an ice beast
  3866 | D:4      | Killed an ice beast
  3968 | D:4      | Reached XP level 6. HP: 21/41 MP: 2/11
  4262 | D:4      | Reached skill level 1 in Fighting
  4315 | D:4      | Noticed Menkaure
  4351 | D:4      | Reached skill level 1 in Slings
  4351 | D:4      | Reached skill level 1 in Air Magic
  4622 | D:4      | Noticed a black bear
  4635 | D:4      | Reached XP level 7. HP: 47/50 MP: 2/13
  4902 | D:4      | Got the Reference Book on Cloudy Sinister Rituals
  5416 | D:5      | Entered Level 5 of the Dungeon
  5486 | D:5      | Reached skill level 5 in Spellcasting
  5535 | D:5      | Reached XP level 8. HP: 60/60 MP: 15/15
  5775 | D:5      | Found a glowing silver altar of Zin.
  5894 | D:5      | Gained mutation: You are missing an eye, making it more
                  | difficult to aim. [Ru sacrifice]
  5894 | D:5      | Reached * piety under Ru
  5943 | D:4      | Noticed Dowan
  6169 | D:3      | Learned a level 4 spell: Airstrike
  6266 | D:4      | Killed Dowan
  6456 | D:5      | Found a shadowy altar of Dithmenos.
  6477 | D:5      | Noticed Pikel
  6490 | D:5      | Killed Pikel
  6491 | D:5      | Reached skill level 5 in Air Magic
  6608 | D:5      | Reached XP level 9. HP: 69/69 MP: 8/18
  6664 | D:5      | Found a staircase to the Ecumenical Temple.
  6832 | D:5      | Found an ancient bone altar of Kikubaaqudgha.
  7032 | D:6      | Found Xelueh's Antique Armour Emporium.
  7402 | D:6      | Noticed Prince Ribbit
  7434 | D:6      | Killed Prince Ribbit
  7639 | D:6      | Found a runed translucent gate.
  7639 | D:6      | Found a runed translucent gate.
  7639 | D:6      | Found a runed translucent gate.
  7640 | D:6      | Noticed pkoi's ghost (novice DrIE)
  7986 | D:6      | Identified the +8 chain mail of the Serpent {rC+ Regen+
                  | Str+4}
  8467 | D:7      | Reached skill level 1 in Armour
  8550 | D:7      | Reached skill level 2 in Armour
  8590 | D:7      | Identified the ring "Datiutiudi" {Int+6 SInv Stlth+}
  8598 | D:7      | Noticed a boulder beetle
  8648 | D:6      | Reached skill level 3 in Armour
  8876 | D:7      | Reached skill level 4 in Armour
  9601 | D:8      | Noticed a two-headed ogre
  9731 | D:8      | Reached XP level 10. HP: 79/79 MP: 6/22
  9743 | D:8      | Reached skill level 5 in Armour
  9872 | D:8      | Gained mutation: You sometimes lose the ability to drink
                  | potions when taking damage. [Ru sacrifice]
  9872 | D:8      | Reached ** piety under Ru
 10625 | D:9      | Reached skill level 6 in Armour
 10811 | D:9      | Reached skill level 7 in Armour
 10870 | D:9      | Found Tuppaj's Distillery.
 10936 | D:9      | Bought a potion of curing for 42 gold pieces
 11346 | D:9      | Reached skill level 8 in Armour
 11392 | D:9      | Noticed Erica
 11639 | D:9      | Reached skill level 9 in Armour
 11639 | D:9      | Reached XP level 11. HP: 68/84 MP: 24/24
 11651 | D:9      | HP: 3/84 [troll (12)]
 12092 | D:9      | Found a blossoming altar of Fedhas.
 12355 | D:9      | Found a staircase to the Lair.
 12846 | Lair:1   | Entered Level 1 of the Lair of Beasts
 13009 | D:9      | Reached skill level 10 in Armour
 13267 | Lair:1   | Noticed an eight-headed hydra
 13507 | Lair:1   | Reached skill level 10 in Air Magic
 13650 | Lair:1   | Killed an eight-headed hydra
 13721 | Lair:1   | Gained mutation: You cannot study or use magical devices.
                  | [Ru sacrifice]
 13721 | Lair:1   | Reached *** piety under Ru
 13721 | Lair:1   | Reached **** piety under Ru
 13940 | Lair:1   | Noticed an oklob plant
 14352 | Lair:2   | Reached skill level 11 in Armour
 14602 | Lair:2   | Found a hole to the Spider Nest.
 14660 | Lair:2   | Noticed a seven-headed hydra
 14720 | Lair:2   | Killed a seven-headed hydra
 14721 | Lair:2   | Reached skill level 1 in Polearms
 14721 | Lair:2   | Reached XP level 12. HP: 91/91 MP: 10/25
 15249 | Lair:3   | Reached skill level 1 in Staves
 15263 | Lair:3   | Noticed a death yak
 15265 | Lair:3   | Noticed a death yak
 15266 | Lair:3   | Noticed a death yak
 15268 | Lair:3   | Noticed a death yak
 15281 | Lair:2   | Killed a death yak
 15338 | Lair:3   | Noticed a death yak
 15338 | Lair:3   | Noticed a death yak
 15338 | Lair:3   | Noticed a death yak
 15338 | Lair:3   | Noticed a death yak
 15359 | Lair:2   | Killed a death yak
 15360 | Lair:2   | Reached skill level 1 in Conjurations
 15371 | Lair:2   | Killed a death yak
 15418 | Lair:2   | Learned a level 6 spell: Conjure Ball Lightning
 15804 | Lair:3   | Reached skill level 12 in Armour
 15906 | Lair:3   | Noticed a death yak
 15945 | Lair:3   | Gained mutation: You are partially covered in iridescent
                  | scales. (AC +2) [potion of mutation]
 15945 | Lair:3   | Gained mutation: Your skin changes colour to match your
                  | surroundings (Stealth+). [potion of mutation]
 15945 | Lair:3   | Gained mutation: You passively map a small area around you.
                  | [potion of mutation]
 15951 | Lair:3   | Killed a death yak
 15964 | Lair:3   | Killed a death yak
 15996 | Lair:3   | Killed a death yak
 16000 | Lair:3   | Killed a death yak
 16001 | Lair:3   | Reached skill level 5 in Conjurations
 16264 | Lair:3   | Gained mutation: You cannot be stealthy. [Ru sacrifice]
 16264 | Lair:3   | Reached ***** piety under Ru
 16380 | Lair:2   | Killed a death yak
 16416 | Lair:3   | Killed a death yak
 16417 | Lair:3   | Gained mutation: You can hop long distances. [Barachi
                  | growth]
 16417 | Lair:3   | Reached XP level 13. HP: 76/101 MP: 26/26
 17051 | Lair:3   | Found a staircase to the Swamp.
 17574 | Lair:4   | Reached skill level 10 in Fighting
 18288 | Lair:5   | Noticed Nessos
 18299 | Lair:5   | Killed Nessos
 18543 | Lair:5   | Noticed Josephine
 18559 | Lair:5   | Reached skill level 10 in Conjurations
 18563 | Lair:5   | Killed Josephine
 18825 | Lair:5   | You fall into a shaft and drop 1 floor!
 18825 | Lair:6   | Entered Level 6 of the Lair of Beasts
 18825 | Lair:6   | Noticed Sonja
 18828 | Lair:6   | Found the +7 captain's cutlass {speed, disarm}
 18829 | Lair:6   | Killed Sonja
 18897 | Lair:6   | Noticed a dire elephant
 18900 | Lair:6   | Reached XP level 14. HP: 102/114 MP: 2/27
 19443 | Lair:5   | Found a viscous altar of Jiyva.
 19444 | Lair:5   | Found a staircase to the Slime Pits.
 19832 | Lair:6   | Reached skill level 13 in Armour
 20033 | Lair:5   | Reached skill level 10 in Spellcasting
 21005 | Lair:6   | Killed a dire elephant
 21152 | Lair:6   | Identified the +5 dagger "Spiderbane" {vorpal, rElec rF-
                  | Stlth+}
 21566 | Lair:6   | Reached skill level 14 in Armour
 22028 | D:10     | Entered Level 10 of the Dungeon
 23076 | D:10     | Reached XP level 15. HP: 114/116 MP: 9/30
 23735 | D:11     | Learned a level 5 spell: Freezing Cloud
 23911 | D:11     | Found a staircase to the Orcish Mines.
 23918 | D:11     | Gained mutation: You sometimes lose the ability to read
                  | scrolls when taking damage. [Ru sacrifice]
 23918 | D:11     | Reached ****** piety under Ru
 24763 | D:12     | Found a runed translucent gate.
 24763 | D:12     | Found a runed translucent gate.
 24799 | D:12     | Noticed Paoney's ghost (journeyman FoWz)
 24817 | D:12     | Found a runed translucent gate.
 25550 | D:13     | Noticed Erolcha
 25553 | D:13     | Killed Erolcha
 25996 | D:13     | Identified a scroll of acquirement
 25998 | D:13     | Acquired the ring of the Sky {Wiz rElec Dex+4 Slay+4
                  | Stlth-}
 26162 | D:13     | Learned a level 7 spell: Storm Form
 26167 | D:13     | Noticed Urug
 26175 | D:13     | Killed Urug
 26559 | D:13     | Reached skill level 1 in Transmutations
 26917 | D:13     | Identified the +9 hand axe "Monyetun" {pain, rF+ Will+
                  | Int+5}
 27022 | D:14     | Identified the ring of Kyguagas {rPois rF- rC+ Str+3 Dex+8}
 27138 | D:14     | Noticed Roxanne
 27494 | D:14     | Reached skill level 5 in Transmutations
 27935 | D:14     | Found a gate to the Vaults.
 28414 | D:6      | Bought a glowing scarf for 200 gold pieces
 28670 | Lair:5   | Fell from the grace of Ru
 28670 | Lair:5   | Became a worshipper of Jiyva Jappych the Shapeless
 28964 | D:15     | Entered Level 15 of the Dungeon
 28966 | D:15     | Noticed Louise
 28967 | D:15     | Cast into level 3 of the Abyss (Louise)
 28982 | Abyss:3  | Paralysed by accursed screaming for 1 turns
 29184 | Abyss:3  | Slain by a small abomination

Illustrated notes

Levels and vault maps discovered:
D:1:      saegor_arrival_miasma, layout_basic, minmay_liquid_box,
          minmay_split_cup_small
D:2:      layout_basic
D:3:      layout_basic, grunt_temple_overflow_opulence,
          nicolae_ru_path_of_blood, gammafunk_ghost_split
D:4:      minmay_octagon_keep, layout_loops_ring, lemuel_tele_altar,
          minmay_misc_feat_hallway, minmay_box_of_dots, uniq_duvessa,
          uniq_menkaure
D:5:      layout_basic, mainiacjoe_overflow_paths, zin_treasury,
          mainiacjoe_overflow_alcove_4, temple_statues, uniq_pikel
D:6:      layout_cave_pods, ebering_ghost_rock_garden, serial_shops,
          nicolae_shop_waterfront, uniq_prince_ribbit1
D:7:      layout_rooms
D:8:      layout_basic
D:9:      lemuel_troll_bridge, layout_rooms, kennysheep_mini_moat,
          erik_lair_dragon, serial_shops, shop_fountains,
          minmay_misc_feat_doors, uniq_erica
D:10:     layout_loops_corners
D:11:     layout_layer_cave, hiddenorc1_lemuel
D:12:     layout_layer_cave, gammafunk_ghost_split
D:13:     nrook_guardian_serpent_snake_passage, layout_basic, uniq_urug,
          uniq_erolcha
D:14:     layout_basic, grunt_vaults_entry_fortified, uniq_roxanne
D:15:     grunt_enter_depths_hoard, layout_basic, serial_shops, shop,
          lemuel_blue_sif_altar, uniq_rupert, uniq_louise
Lair:1:   lemuel_slime, layout_cave_pods, grunt_megastairs_2
Lair:2:   layout_chaotic_city, hellmonk_spider_entry_not_the_bees
Lair:3:   beast_lair_carwin_large_4, layout_concentric_octagons, swamp_mist,
          serial_rivers, chequers_serial_rivers_room_b,
          chequers_serial_rivers_small_a, chequers_serial_rivers_micro_c,
          chequers_serial_rivers_small_a, chequers_serial_rivers_large_b,
          special_room [special_room_bee], grunt_forest_stairs_clearing,
          lemuel_fruit_tree
Lair:4:   layout_long_grid
Lair:5:   layout_gridlike, slime_altar_1, uniq_nessos, uniq_josephine
Lair:6:   gammafunk_lair_ancient_temple, layout_regular_city,
          serial_bayou_pond_e, uniq_sonja
Abyss:3:  base: D:12, minivault_23, nicolae_abyss_rune_left_handed,
          lemuel_flamethrower_2

Skill      XL: |  1  2  3  4  5  6  7  8  9 10 11 12 13 14 15 |
---------------+----------------------------------------------+-----
Necromancy     | 4 5 |  5.8
Spellcasting   | 3 4 5 6 8 9 11 | 11.4
Fighting       | 2 3 6 7 9 11 12 | 12.0
Slings         | 1 2 |  2.2
Air Magic      | 1 3 5 7 8 11 12 13 | 13.5
Armour         | 4 9 11 12 14 | 14.7
Polearms       | 1 |  1.1
Staves         | 4 |  4.6
Conjurations   | 6 11 12 13 | 13.3
Stealth        | 0 |  0.0
Transmutations | 6 |  6.8
Dodging        | |  2.1

Action                   |  1- 3 |  4- 6 |  7- 9 | 10-12 | 13-15 || total
-------------------------+-------+-------+-------+-------+-------++-------
Melee: Unarmed           |     9 |       |       |       |    10 ||    19
       Quarterstaff      |       |     2 |       |       |       ||     2
       Dagger            |       |       |       |     7 |       ||     7
       Spear             |       |       |       |   203 |       ||   203
       Lajatang          |       |       |       |   207 |   133 ||   340
       Staff             |       |       |       |       |   185 ||   185
       Punch             |       |       |       |       |     2 ||     2
 Fire: Hunting sling     |       |    90 |   229 |    50 |       ||   369
 Cast: Pain              |    66 |    13 |       |       |       ||    79
       Vampiric Draining |       |    22 |    57 |   100 |    54 ||   233
       Airstrike         |       |       |    43 |   228 |   418 ||   689
       Conjure Ball Ligh |       |       |       |       |    63 ||    63
       Storm Form        |       |       |       |       |     1 ||     1
Invok: Sacrifice an Eye  |       |       |     1 |       |       ||     1
       Sacrifice Drink   |       |       |       |     1 |       ||     1
       Draw Out Power    |       |       |       |     5 |     3 ||     8
       Sacrifice Artific |       |       |       |     1 |       ||     1
       Sacrifice Stealth |       |       |       |     1 |       ||     1
       Apocalypse        |       |       |       |       |     7 ||     7
       Reject Sacrifices |       |       |       |       |     1 ||     1
       Sacrifice Words   |       |       |       |       |     1 ||     1
 Abil: Hop               |       |       |     2 |     8 |     1 ||    11
       Blinkbolt         |       |       |       |       |     1 ||     1
Evoke: Wand              |       |       |       |     6 |       ||     6
  Use: Scroll            |       |     3 |     1 |     5 |    18 ||    27
       Potion            |       |       |       |     2 |       ||     2
 Stab: Invisible         |       |       |       |     7 |     3 ||    10
       Distracted        |       |       |       |     2 |     3 ||     5
       Sleeping          |       |       |       |     1 |       ||     1
       Paralysed         |       |       |       |       |     8 ||     8
Armor: Robe              |     6 |     9 |    35 |    31 |       ||    81
       Chain mail        |       |       |       |   443 |   507 ||   950
       Troll leather arm |       |       |       |       |     2 ||     2
Dodge: Dodged            |    14 |    25 |   106 |   309 |   218 ||   672
